 Dungeon Crawl Stone Soup version 0.30-a0-626-gd6a5dd7a1f (webtiles) character file.

Game seed: 7507540400578649487

133986 themarg the Martial Artist (level 17, -5/133 HPs)
             Began as a Gnoll Transmuter on Jan 12, 2023.
             Was a High Priest of Sif Muna.
             Slain by a spriggan rider
             ... wielding a +0 spear
              (15 damage)
             ... on level 1 of the Swamp.
             The game lasted 01:45:54 (26721 turns).

themarg the Martial Artist (Gnoll Transmuter)      Turns: 26721, Time: 01:45:55

Health: -5/133     AC: 13    Str: 15    XL:     17   Next: 16%
Magic:  17/33      EV: 17    Int: 18    God:    Sif Muna [*****.]
Gold:   1670       SH:  0    Dex: 13    Spells: 11/40 levels left

rFire   . . .      SeeInvis +      - Unarmed
rCold   . . .      Faith    .    (shield currently unavailable)
rNeg    . . .      Spirit   .    S - +0 troll leather armour
rPois   .          Reflect  .    w - +2 helmet {SInv}
rElec   +          Harm     .    h - +1 cloak
rCorr   .          Rampage  .    (gloves currently unavailable)
Will    .....                    y - +0 pair of boots of Rotation {rElec Will- Regen+ Str+3}
Stlth   ++++                     H - amulet of regeneration
HPRegen 2.82/turn                c - ring of flight
MPRegen 0.23/turn                Y - ring of see invisible

@: blade hands, flying, very slightly contaminated, slowed, very slow
A: fangs 1, strong nose, distributed training
a: End Transformation, Renounce Religion, Channel Magic, Forget Spell, Divine
Exegesis


You were on level 1 of the Swamp.
You worshipped Sif Muna.
Sif Muna was extremely pleased with you.
You had blades for hands.
You visited 6 branches of the dungeon, and saw 24 of its levels.
You also visited: Sewer.

You collected 4223 gold pieces.
You spent 2553 gold pieces at shops.

Inventory:

Hand Weapons
 B - the +5 morningstar "Ziutzay" (melded) {flame, rF+ Dex+6 Stlth-}
   (You found it on level 5 of the Lair of Beasts)

   Dex:       It affects your dexterity (+6).
   rF:        It protects you from fire.
   Stlth:     It makes you less stealthy.
Missiles
 q - 5 curare-tipped darts
 E - 4 throwing nets
 J - 21 poisoned darts
Armour
 f - a +2 buckler of protection (melded)
 h - a +1 cloak (worn)
 i - a +2 pair of gloves (melded)
 w - a +2 helmet of see invisible (worn)
 y - the +0 pair of boots of Rotation (worn) {rElec Will- Regen+ Str+3}
   (You acquired it on level 5 of the Lair of Beasts)

   Str:       It affects your strength (+3).
   rElec:     It insulates you from electricity.
   Regen:     It increases your rate of health regeneration.
   Will:      It decreases your willpower.
 S - a +0 troll leather armour (worn)
Jewellery
 c - a ring of flight (left blade hand)
 l - a ring of willpower
 F - a +4 ring of protection
 H - an amulet of regeneration (around neck)
 U - the ring of Edefu {Fire rCorr Str-3 Dex+2 Stlth+}
   (You found it on level 5 of the Lair of Beasts)

   [ring of fire]

   It enhances your fire magic.
   Str:       It affects your strength (-3).
   Dex:       It affects your dexterity (+2).
   rF:        It protects you from fire.
   rC:        It makes you vulnerable to cold.
   rCorr:     It protects you from acid and corrosion.
   Stlth:     It makes you more stealthy.
 X - a ring of ice
 Y - a ring of see invisible (right blade hand)
Wands
 g - a wand of acid (14)
 s - a wand of charming (6)
 D - a wand of polymorph (13)
 G - a wand of digging (5)
 K - a wand of iceblast (10)
 O - a wand of mindburst (16)
Scrolls
 d - a scroll of fog
 k - 2 scrolls of summoning
 m - 2 scrolls of torment
 n - 10 scrolls of immolation
 o - a scroll of enchant weapon
 p - 5 scrolls of amnesia
 r - 16 scrolls of teleportation
 t - 2 scrolls of fear
 v - 2 scrolls of blinking
 x - 9 scrolls of vulnerability
 L - 2 scrolls of magic mapping
 N - 4 scrolls of poison
 P - a scroll of brand weapon
Potions
 b - 4 potions of lignification
 j - 2 potions of berserk rage
 u - 2 potions of magic
 z - 6 potions of haste
 A - 7 potions of curing
 C - 3 potions of attraction
 I - a potion of ambrosia
 M - 2 potions of flight
 Q - 3 potions of brilliance
 R - 4 potions of mutation
 V - a potion of cancellation
 W - a potion of resistance
Miscellaneous
 e - a box of beasts (inert)
 T - a phial of floods
 Z - a lightning rod (4/4)


   Skills:
 + Level 11.7 Fighting
 + Level 11.4 Short Blades
 + Level 11.4 Long Blades
 + Level 11.4 Axes
 + Level 11.4 Maces & Flails
 + Level 11.4 Polearms
 + Level 11.4 Staves
 + Level 11.4 Ranged Weapons
 + Level 11.4 Throwing
 + Level 11.4 Armour
 + Level 12.2 Dodging
 + Level 11.4 Stealth
 + Level 11.4 Shields
 + Level 13.0 Unarmed Combat
 + Level 12.4 Spellcasting
 + Level 9.6 Conjurations
 + Level 9.6 Hexes
 + Level 9.6 Summonings
 + Level 9.6 Necromancy
 + Level 9.6 Translocations
 + Level 10.3 Transmutations
 + Level 9.6 Fire Magic
 + Level 9.6 Ice Magic
 + Level 9.6 Air Magic
 + Level 9.6 Earth Magic
 + Level 9.6 Poison Magic
 + Level 12.3 Invocations
 + Level 11.4 Evocations


You had 11 spell levels left.
You knew the following spells:

 Your Spells              Type           Power      Damage    Failure   Level
a - Beastly Appendage     Tmut           96%        N/A       7%          1
b - Wereblood             Tmut           48%        N/A       8%          2
c - Spider Form           Tmut/Pois      47%        N/A       11%         3
d - Ice Form              Ice/Tmut       47%        N/A       16%         4
e - Freezing Cloud        Conj/Ice/Air   22%        6-21      28%         5
f - Blade Hands           Tmut           24%        N/A       24%         5
g - Borgnjor's Vile Clut  Necr/Erth      22%        N/A       28%         5
h - Manifold Assault      Tloc           45%        N/A       17%         4

Your spell library contained the following spells:

 Spells                   Type           Power      Damage    Failure   Level
 Apportation              Tloc           90%        N/A       8%          1
 Kiss of Death            Conj/Necr      100%       2d13      8%          1
 Magic Dart               Conj           100%       1d8       8%          1
 Necrotise                Necr           100%       1d9       8%          1
 Summon Small Mammal      Summ           100%       N/A       8%          1
 Call Imp                 Summ           45%        N/A       9%          2
 Momentum Strike          Conj/Tloc      90%        3d10      9%          2
 Searing Ray              Conj           90%        2d7       9%          2
 Frozen Ramparts          Ice            90%        1d14      11%         3
 Ignite Poison            Fire/Tmut/Pois 46%        N/A       11%         3
 Inner Flame              Hex/Fire       45%        N/A       11%         3
 Kindle Blastsparks       Fire/Tloc/Air  90%        2d17      11%         3
 Mephitic Cloud           Conj/Pois/Air  45%        N/A       11%         3
 Ozocubu's Armour         Ice            45%        N/A       11%         3
 Vampiric Draining        Necr           45%        2d9       11%         3
 Animate Armour           Summ/Erth      90%        N/A       17%         4
 Animate Dead             Necr           45%        N/A       17%         4
 Fulminant Prism          Conj/Hex       22%        3d12      17%         4
 Sticky Flame             Conj/Fire      45%        2d6       17%         4
 Summon Ice Beast         Ice/Summ       45%        N/A       17%         4
 Alistair's Intoxication  Tmut/Pois      31%        N/A       26%         5
 Agony                    Necr           45%        N/A       28%         5
 Arcjolt                  Conj/Air       22%        1d32      28%         5
 Iskenderun's Battlesphe  Conj           45%        2d10      28%         5
 Eringya's Noxious Bog    Tmut/Pois      23%        N/A       61%         6
 Conjure Ball Lightning   Conj/Air       22%        3x3d6     65%         6
 Dispersal                Tloc           22%        N/A       65%         6
 Iron Shot                Conj/Erth      22%        9d5       65%         6
 Simulacrum               Ice/Necr       22%        N/A       65%         6
 Haunt                    Necr/Summ      22%        N/A       97%         7
 Ozocubu's Refrigeration  Ice            22%        4d12      97%         7
 Spellforged Servitor     Conj/Summ      22%        N/A       97%         7
 Disjunction              Tloc           22%        N/A       100%        8
 Ignition                 Fire           22%        3d8       100%        8
 Infestation              Necr           22%        N/A       100%        8
 Lehudib's Crystal Spear  Conj/Erth      22%        10d6      100%        8
 Polar Vortex             Ice            22%        N/A       100%        9


Dungeon Overview and Level Annotations

Branches:
Dungeon (12/15)            Temple (1/1) D:5            Lair (5/5) D:10
  Swamp (1/4) Lair:2        Snake (3/4) Lair:3        Slime (0/5) Lair:5
    Orc (2/2) D:12          Sewer (visited)
    Elf: Orc:2

Altars:
Ashenzari
Cheibriados
Dithmenos
Elyvilon
Fedhas
Gozag
Hepliaklqana
Kikubaaqudgha
Makhleb
Nemelex Xobeh
Okawaru
Qazlal
Ru
Sif Muna
Trog
Uskayaw
Vehumet
Wu Jian
Xom
Yredelemnul
Zin
The Shining One

Shops:
D:4 [[(   D:6 (((:?   D:10 =   Orc:1 [   Orc:2 :(?*[   Snake:1 :   Snake:2 [

Annotations:
Snake:2 1 runed translucent door, Heh's ghost, journeyman OpMo


Innate Abilities, Weirdness & Mutations

You have blades for hands.
Your spellcasting is less reliable in this form.
You are incapable of wielding weapons or throwing items.
You have very sharp teeth.
Your uncanny sense of smell can sniff out nearby items.
Your experience applies equally to all skills.


Message History

The harpoon shot misses you.
The will-o-the-wisp blinks!
The spriggan rider misses you.
As you read the scroll of fear, it crumbles to dust.
You assume a fearsome visage.
The will-o-the-wisp is unaffected.
The spriggan rider resists with almost no effort.
The bog body is unaffected.
The spriggan rider looks frightened!
The spriggan rider resists with almost no effort. x2
The swamp worm looks frightened! x3; The tyrant leech looks frightened!
You are no longer locked in place.
The spriggan rider misses you.
The bog body gestures at you while chanting.
You feel yourself slow down.
The will-o-the-wisp gestures.
The will-o-the-wisp conjures some foxfire!
The spriggan rider barely misses you. 2 foxfires come into view.
As you read the scroll of fog, it crumbles to dust.
The scroll dissolves into smoke.
The spriggan rider hits you but does no damage.
The spriggan rider barely misses you. x2; The bog body touches you!
The bog body freezes you!!
* * * LOW HITPOINT WARNING * * *
The spriggan rider misses you.
The foxfire moves out of view. x2
You feel much better.
The spriggan rider hits you but does no damage.
The spriggan rider hits you from afar with a +0 spear!
* * * LOW HITPOINT WARNING * * *
The spriggan rider completely misses you.
The bog body touches you.
* * * LOW HITPOINT WARNING * * *
The bog body freezes you!!
* * * LOW HITPOINT WARNING * * *
The spriggan rider closely misses you.
The bog body gestures at you while chanting.
You feel as though you will be slow longer.
The will-o-the-wisp gestures.
The will-o-the-wisp conjures some foxfire!
The spriggan rider hits you but does no damage.
The spriggan rider hits you with a +0 spear!
You die...

∆ ♣♣♣ ≈≈♣♣♣ ♣♣≈≈≈≈♣
♣♣≈≈≈≈≈♣ ∆ ∆
♣≈≈§§§≈♣~♣
..~.....♣♣≈§§§§≈>.~
♣.~w.....♣♣§@§§♣
.~~~~...~♣i♣§§
♣~~$...§in§§.v.♣
♣~.~~~~§i§i§v~§♣
♣~.~~~~.~.~.~~♣~~
♣.~~~.♣~......v~~
♣.w<.~~~♣♣.w.~~.
~...~♣♣..§...~~.?§.
♣♣. ♣♣i~..~~§♣.~.


You could see 2 spriggan riders, a will-o-the-wisp and a bog body.

Vanquished Creatures
  Aizul (Snake:3)
  An orc warlord (Orc:1)
  A centaur warrior (D:12)
  6 hydras
  A catoblepas (Lair:5)
  A salamander tyrant (Snake:3)
  Erica (D:9)
  7 anacondas
  3 two-headed ogres
  8 naga warriors
  2 shock serpents (Snake:2)
  5 naga sharpshooters
  3 orc high priests (Orc:2)
  A salamander mystic (Snake:2)
  4 sea snakes (Snake:2)
  2 goliath frogs (Lair:5)
  5 naga ritualists
  Pikel (D:8)
  6 orc sorcerers
  4 orc knights (Orc:2)
  11 mana vipers
  4 cyclopes
  10 salamanders
  A manticore (D:12)
  Maurice (D:10)
  29 black mambas
  5 elephants (Lair:3)
  A guardian serpent (Snake:3)
  8 naga magi
  A gargoyle (D:12)
  A torpor snail (Lair:3)
  15 cane toads
  A rime drake (Lair:5)
  Maggie (D:8)
  12 komodo dragons
  4 trolls
  2 tyrant leeches (Lair:5)
  A hornet (D:7)
  A polar bear (Lair:3)
  24 blink frogs
  9 dream sheep (Lair:5)
  Sigmund (D:5)
  6 slime creatures
  A shadow (D:11)
  3 vampires
  4 wyverns
  65 yaks
  2 wraiths
  3 basilisks
  A steam dragon (D:8)
  7 vampire mosquitoes
  3 swamp worms
  22 nagas
  2 wargs (Orc:2)
  14 water moccasins
  27 orc warriors
  An ice beast (D:5)
  2 sky beasts
  2 black bears
  7 ogres
  19 wolves
  4 centaurs
  A phantom (D:5)
  3 lemures (D:8)
  18 bullfrogs
  A necrophage (D:7)
  3 scorpions
  17 wights
  4 killer bees (D:11)
  3 howler monkeys (D:8)
  An electric eel (Lair:5)
  A hound (D:5)
  Crazy Yiuf (D:3)
  24 orc priests
  4 jellies
  2 gnoll boudas
  5 iguanas
  23 orc wizards
  Robin (D:4)
  10 adders
  7 gnolls
  5 river rats
  An ufetubus (D:5)
  4 worms
  3 dart slugs
  79 orcs
  6 endoplasms
  6 giant cockroaches
  18 goblins
  9 hobgoblins
  3 jackals (D:1)
  9 kobolds
  5 quokkas
  18 ball pythons
  5 bats
  5 frilled lizards
  29 rats
735 creatures vanquished.

Vanquished Creatures (collateral kills)
  An ettin (Orc:1)
  An orc knight (Orc:1)
  2 orc warriors (Orc:1)
  An orc (Orc:1)
5 creatures vanquished.

Vanquished Creatures (others)
  A bush (Lair:5)
  2 foxfires (Swamp:1)
  22 fungi
  117 plants
142 creatures vanquished.

Grand Total: 882 creatures vanquished

Notes
Turn   | Place    | Note
-------+----------+-------------------------------------------
     0 | D:1      | themarg the Gnoll Transmuter began the quest for the Orb.
     0 | D:1      | Reached XP level 1. HP: 17/17 MP: 6/6
   158 | D:1      | Reached XP level 2. HP: 23/23 MP: 5/7
   814 | D:2      | Reached skill level 5 in Spellcasting
   814 | D:2      | Reached XP level 3. HP: 28/28 MP: 6/9
   819 | D:2      | Reached skill level 1 in Invocations
   961 | D:2      | Reached skill level 1 in Short Blades
   961 | D:2      | Reached skill level 1 in Long Blades
   961 | D:2      | Reached skill level 1 in Axes
   961 | D:2      | Reached skill level 1 in Maces & Flails
   961 | D:2      | Reached skill level 1 in Polearms
   961 | D:2      | Reached skill level 1 in Staves
   961 | D:2      | Reached skill level 1 in Ranged Weapons
   961 | D:2      | Reached skill level 1 in Throwing
   961 | D:2      | Reached skill level 1 in Armour
   961 | D:2      | Reached skill level 1 in Stealth
   961 | D:2      | Reached skill level 1 in Shields
   961 | D:2      | Reached skill level 1 in Evocations
  1014 | D:2      | Found a glowing silver altar of Zin.
  1084 | D:2      | Reached XP level 4. HP: 34/34 MP: 9/11
  1087 | D:2      | Learned a level 2 spell: Wereblood
  1091 | D:2      | Learned a level 3 spell: Spider Form
  1655 | D:3      | You fall into a shaft and drop 2 floors!
  1655 | D:5      | Entered Level 5 of the Dungeon
  1658 | D:5      | Noticed Sigmund
  1664 | D:5      | Killed Sigmund
  1665 | D:5      | Reached skill level 1 in Conjurations
  1665 | D:5      | Reached skill level 1 in Hexes
  1665 | D:5      | Reached skill level 1 in Summonings
  1665 | D:5      | Reached skill level 1 in Necromancy
  1665 | D:5      | Reached skill level 1 in Translocations
  1665 | D:5      | Reached skill level 1 in Fire Magic
  1665 | D:5      | Reached skill level 1 in Ice Magic
  1665 | D:5      | Reached skill level 1 in Air Magic
  1665 | D:5      | Reached skill level 1 in Earth Magic
  1665 | D:5      | Reached skill level 1 in Poison Magic
  1665 | D:5      | Reached XP level 5. HP: 41/41 MP: 3/12
  1665 | D:5      | Reached XP level 6. HP: 47/47 MP: 3/14
  1783 | D:4      | Noticed Robin
  1807 | D:4      | Killed Robin
  1808 | D:4      | Reached skill level 5 in Dodging
  1838 | D:4      | Found a radiant altar of Vehumet.
  1875 | D:4      | Found a glowing drain.
  1927 | Sewer    | Entered a sewer
  2256 | Sewer    | Reached skill level 7 in Unarmed Combat
  2256 | Sewer    | Reached XP level 7. HP: 21/52 MP: 15/15
  3030 | D:3      | Found the +7 Throatcutter {drain, coup de grace}
  3081 | D:3      | Found a runed translucent door.
  3082 | D:3      | Noticed Crazy Yiuf
  3091 | D:3      | Killed Crazy Yiuf
  3270 | D:4      | Found Rauck's Antique Armour Boutique.
  3331 | D:4      | Found Plog's Weapon Emporium.
  3488 | D:4      | Found Tudut's Antique Armour Shop.
  3930 | D:5      | Found a bloodstained altar of Trog.
  4182 | D:5      | Reached XP level 8. HP: 60/60 MP: 16/16
  4393 | D:5      | Found a basalt altar of Yredelemnul.
  4452 | D:5      | Found a staircase to the Ecumenical Temple.
  4519 | Temple   | Entered the Ecumenical Temple
  4537 | Temple   | Became a worshipper of Sif Muna the Loreminder
  4945 | D:6      | Found Legaluc's Weapon Shoppe.
  5060 | D:6      | Reached skill level 5 in Transmutations
  5065 | D:6      | Found Curefeum's Antique Weapon Shoppe.
  5148 | D:6      | Found Qynno's Magic Scroll Boutique.
  5193 | D:6      | Found a glowing silver altar of Zin.
  5212 | D:6      | Found Qesad's Antique Weapon Emporium.
  5331 | D:6      | Found Xiorghum's Book Emporium.
  5336 | D:6      | Bought a scroll of identify for 28 gold pieces
  5336 | D:6      | Bought a scroll of identify for 28 gold pieces
  5336 | D:6      | Bought a scroll of teleportation for 42 gold pieces
  5336 | D:6      | Bought a scroll of magic mapping for 105 gold pieces
  5375 | D:6      | Reached XP level 9. HP: 52/66 MP: 18/18
  5508 | D:6      | Found a shimmering altar of Xom.
  5508 | D:6      | Found a shimmering altar of Xom.
  5510 | D:6      | Found a shimmering altar of Xom.
  5510 | D:6      | Found a shimmering altar of Xom.
  5510 | D:6      | Found a shimmering altar of Xom.
  5510 | D:6      | Found a shimmering altar of Xom.
  5511 | D:6      | Found a shimmering altar of Xom.
  5511 | D:6      | Found a shimmering altar of Xom.
  5512 | D:6      | Found a shimmering altar of Xom.
  5512 | D:6      | Found a shimmering altar of Xom.
  5513 | D:6      | Found a shimmering altar of Xom.
  5513 | D:6      | Found a shimmering altar of Xom.
  5804 | D:7      | Learned a level 4 spell: Ice Form
  5864 | D:7      | Reached skill level 5 in Fighting
  6104 | D:7      | Reached skill level 8 in Unarmed Combat
  6127 | D:7      | Reached * piety under Sif Muna
  6142 | D:7      | Reached skill level 5 in Invocations
  6478 | D:7      | Found a burning altar of Makhleb.
  6710 | D:7      | Noticed a hornet
  6719 | D:7      | Killed a hornet
  6995 | D:8      | Noticed Pikel
  7012 | D:8      | Killed Pikel
  7013 | D:8      | Reached skill level 5 in Short Blades
  7013 | D:8      | Reached skill level 5 in Long Blades
  7013 | D:8      | Reached skill level 5 in Axes
  7013 | D:8      | Reached skill level 5 in Maces & Flails
  7013 | D:8      | Reached skill level 5 in Polearms
  7013 | D:8      | Reached skill level 5 in Staves
  7013 | D:8      | Reached skill level 5 in Ranged Weapons
  7013 | D:8      | Reached skill level 5 in Throwing
  7013 | D:8      | Reached skill level 5 in Armour
  7013 | D:8      | Reached skill level 5 in Stealth
  7013 | D:8      | Reached skill level 5 in Shields
  7013 | D:8      | Reached skill level 5 in Evocations
  7013 | D:8      | Reached XP level 10. HP: 76/76 MP: 20/20
  7243 | D:8      | Noticed Maggie
  7262 | D:8      | Killed Maggie
  7448 | D:8      | Found a sacrificial altar of Ru.
  7666 | D:9      | Found a sparkling altar of Nemelex Xobeh.
  7735 | D:9      | Reached ** piety under Sif Muna
  7767 | D:9      | Found a shadowy altar of Dithmenos.
  7902 | D:9      | Noticed a two-headed ogre
  7910 | D:9      | Killed a two-headed ogre
  7955 | D:9      | Noticed Erica
  7981 | D:9      | Killed Erica
  7982 | D:9      | Reached skill level 9 in Unarmed Combat
  8263 | D:10     | Entered Level 10 of the Dungeon
  8298 | D:10     | Noticed Maurice
  8302 | D:9      | Reached skill level 5 in Conjurations
  8302 | D:9      | Reached skill level 5 in Hexes
  8302 | D:9      | Reached skill level 5 in Summonings
  8302 | D:9      | Reached skill level 5 in Necromancy
  8302 | D:9      | Reached skill level 5 in Translocations
  8302 | D:9      | Reached skill level 5 in Fire Magic
  8302 | D:9      | Reached skill level 5 in Ice Magic
  8302 | D:9      | Reached skill level 5 in Air Magic
  8302 | D:9      | Reached skill level 5 in Earth Magic
  8302 | D:9      | Reached skill level 5 in Poison Magic
  8302 | D:9      | Reached XP level 11. HP: 83/83 MP: 19/22
  8382 | D:10     | Found a staircase to the Lair.
  8591 | D:10     | Killed Maurice
  8676 | D:10     | Found a hide-covered altar of Uskayaw.
  8799 | D:10     | Found Jiefriunu's Jewellery Boutique.
  8862 | D:10     | Found a broken altar of Ashenzari.
  9021 | D:10     | Reached *** piety under Sif Muna
  9080 | D:10     | Found an opulent altar of Gozag.
  9485 | D:11     | Noticed a two-headed ogre
  9492 | D:11     | Killed a two-headed ogre
  9624 | D:11     | Identified the ring of Ajukol {rC- rN+ Dex+5}
  9796 | D:11     | Noticed a cyclops
  9933 | D:11     | Noticed a cyclops
  9938 | D:11     | Killed a cyclops
 10043 | D:11     | Learned a level 5 spell: Freezing Cloud
 10071 | Lair:1   | Entered Level 1 of the Lair of Beasts
 10071 | Lair:1   | You fall into a shaft and drop 1 floor!
 10071 | Lair:2   | Noticed a seven-headed hydra
 10479 | Lair:1   | Reached XP level 12. HP: 91/91 MP: 19/24
 11145 | Lair:2   | Reached skill level 10 in Unarmed Combat
 11189 | Lair:2   | Reached **** piety under Sif Muna
 11222 | Lair:2   | Killed a seven-headed hydra
 11450 | Lair:2   | Noticed a seven-headed hydra
 11458 | Lair:2   | Killed a seven-headed hydra
 11484 | Lair:2   | Noticed a four-headed hydra
 11490 | Lair:2   | Killed a four-headed hydra
 11549 | Lair:2   | Noticed a four-headed hydra
 11557 | Lair:2   | Killed a four-headed hydra
 12021 | Lair:2   | Found a sparkling altar of Nemelex Xobeh.
 12534 | Lair:2   | Found a staircase to the Swamp.
 12658 | Lair:3   | Reached XP level 13. HP: 99/99 MP: 8/26
 13001 | Lair:3   | Found a staircase to the Snake Pit.
 13954 | Lair:3   | Identified a scroll of acquirement
 13955 | Lair:3   | Acquired 1135 gold pieces
 14287 | Lair:4   | Identified the +4 falchion "Killer Klown's Doom"
                  | {antimagic, rC+ rN+}
 14598 | Lair:4   | Reached skill level 10 in Spellcasting
 15384 | Lair:5   | Entered Level 5 of the Lair of Beasts
 15475 | Lair:5   | Reached skill level 10 in Dodging
 15475 | Lair:5   | Reached skill level 11 in Unarmed Combat
 15928 | Lair:5   | Reached ***** piety under Sif Muna
 16127 | Lair:5   | Reached XP level 14. HP: 108/108 MP: 28/28
 16134 | Lair:5   | Reached skill level 10 in Invocations
 16147 | Lair:5   | Received a gift from Sif Muna
 16621 | Lair:5   | Found a staircase to the Slime Pits.
 17133 | Lair:5   | Identified the ring of Edefu {Fire rCorr Str-3 Dex+2
                  | Stlth+}
 17487 | Lair:5   | Identified the +5 morningstar "Ziutzay" {flame, rF+ Dex+6
                  | Stlth-}
 17489 | Lair:5   | Acquired the +0 pair of boots of Rotation {rElec Will-
                  | Regen+ Str+3}
 17911 | D:12     | Learned a level 5 spell: Blade Hands
 17940 | D:12     | Reached skill level 10 in Fighting
 18097 | D:12     | Received a gift from Sif Muna
 18104 | D:12     | Found a staircase to the Orcish Mines.
 18968 | D:12     | Learned a level 5 spell: Borgnjor's Vile Clutch
 18969 | Orc:1    | Entered Level 1 of the Orcish Mines
 18973 | Orc:1    | Noticed an orc warlord
 19022 | Orc:1    | Killed an orc warlord
 19422 | Orc:1    | Found Veny's Antique Armour Boutique.
 19443 | Orc:1    | You fall into a shaft and drop 1 floor!
 19443 | Orc:2    | Entered Level 2 of the Orcish Mines
 19800 | Orc:2    | Reached skill level 10 in Short Blades
 19800 | Orc:2    | Reached skill level 10 in Long Blades
 19800 | Orc:2    | Reached skill level 10 in Axes
 19800 | Orc:2    | Reached skill level 10 in Maces & Flails
 19800 | Orc:2    | Reached skill level 10 in Polearms
 19800 | Orc:2    | Reached skill level 10 in Staves
 19800 | Orc:2    | Reached skill level 10 in Ranged Weapons
 19800 | Orc:2    | Reached skill level 10 in Throwing
 19800 | Orc:2    | Reached skill level 10 in Armour
 19800 | Orc:2    | Reached skill level 10 in Stealth
 19800 | Orc:2    | Reached skill level 10 in Shields
 19800 | Orc:2    | Reached skill level 10 in Evocations
 20017 | Orc:2    | Received a gift from Sif Muna
 20018 | Orc:2    | Got Sif Muna's Omnibus of Non-Euclidean Causimancy {god
                  | gift}
 20137 | Orc:2    | Found Hidug's Book Shoppe.
 20307 | Orc:2    | Paralysed by an orc sorcerer for 2 turns
 20486 | Orc:2    | Reached XP level 15. HP: 93/117 MP: 16/30
 20515 | Orc:2    | Reached skill level 12 in Unarmed Combat
 20765 | Orc:2    | Found Aruass's Armour Boutique.
 20765 | Orc:2    | Found Menatz's General Store.
 20828 | Orc:2    | Found Goobrytu's Magic Scroll Boutique.
 20828 | Orc:2    | Found Vielei's Weapon Shoppe.
 20839 | Orc:2    | Bought a potion of brilliance for 56 gold pieces
 20839 | Orc:2    | Bought a potion of heal wounds for 70 gold pieces
 20842 | Orc:2    | Bought a scroll of magic mapping for 90 gold pieces
 20842 | Orc:2    | Bought a scroll of enchant armour for 90 gold pieces
 20842 | Orc:2    | Bought a scroll of enchant armour for 90 gold pieces
 20842 | Orc:2    | Bought a scroll of amnesia for 48 gold pieces
 20842 | Orc:2    | Bought a scroll of identify for 24 gold pieces
 20842 | Orc:2    | Bought a scroll of amnesia for 48 gold pieces
 20842 | Orc:2    | Bought a scroll of identify for 24 gold pieces
 20842 | Orc:2    | Bought a scroll of identify for 24 gold pieces
 20845 | Orc:2    | Reached XP level 16. HP: 124/124 MP: 31/31
 20895 | Orc:2    | Bought a book of Power for 504 gold pieces
 21064 | D:6      | Bought a scroll of blinking for 105 gold pieces
 21064 | D:6      | Bought a scroll of teleportation for 42 gold pieces
 21064 | D:6      | Bought a scroll of teleportation for 42 gold pieces
 21064 | D:6      | Bought a scroll of teleportation for 42 gold pieces
 21074 | D:6      | Bought a book of Cantrips for 156 gold pieces
 21074 | D:6      | Bought a book of Ice for 598 gold pieces
 21242 | Snake:1  | Entered Level 1 of the Snake Pit
 21391 | Snake:1  | Found Pukkaps's Book Shoppe.
 21398 | Snake:1  | You fall into a shaft and drop 1 floor!
 21540 | Snake:1  | Acquired 638 gold pieces
 22700 | Snake:1  | Identified the +4 sling of Understanding {elec, rN+}
 22752 | Snake:1  | Received a gift from Sif Muna
 22753 | Snake:1  | Reached skill level 10 in Transmutations
 22753 | Snake:1  | Got Sif Muna's Cyclopedia of Conflict {god gift}
 23262 | Snake:2  | Found a runed translucent door.
 23262 | Snake:2  | Found a shimmering altar of Xom.
 23262 | Snake:2  | Noticed Heh's ghost (journeyman OpMo)
 23263 | Snake:2  | Identified the +3 broad axe "Orb Guardian's Bane" {chaos,
                  | rPois Int+4 Dex+4}
 24175 | Snake:2  | Found Pyiny's Armour Shop.
 25311 | Snake:3  | Found a hide-covered altar of Uskayaw.
 25399 | Snake:3  | Reached XP level 17. HP: 120/131 MP: 23/33
 25492 | Snake:3  | Noticed Aizul
 25504 | Snake:3  | Killed Aizul
 25735 | Snake:3  | Reached skill level 13 in Unarmed Combat
 25812 | Snake:2  | Learned a level 4 spell: Manifold Assault
 26141 | Snake:3  | Identified the +7 tower shield of Upoysha {Will+}
 26575 | D:10     | Bought a ring of flight for 297 gold pieces
 26710 | Swamp:1  | Entered Level 1 of the Swamp
 26720 | Swamp:1  | HP: 6/133 [bog body (27)]
 26721 | Swamp:1  | Slain by a spriggan rider

Illustrated notes

Levels and vault maps discovered:
D:1:      heliophobic_arrival_enchanted_forest, layout_loops_ring,
          chequers_garden
D:2:      minmay_evil_eye, layout_basic, basic_altar, small_statue_intersection,
          chequers_big_river, moated_statue
D:3:      layout_basic, uniq_crazy_yiuf_cottage
D:4:      layout_loops_corners, fiery_altar_vehumet, portal_sewer_entry_a,
          serial_shops, shop, shop_statue, shop, minmay_misc_feat_encased,
          uniq_robin
D:5:      layout_basic, mainiacjoe_overflow_tiny_flanked, trog_hazing_becter,
          minmay_temple_entry_overgrown, uniq_sigmund
D:6:      layout_loops_ring, mainiacjoe_overflow_paths, xom_redecorated,
          serial_shops, nicolae_shop_window_shopping,
          nicolae_shop_advertising_works [nicolae_subvault_shop_adworks], shop,
          nicolae_shop_hallway_plus, kennysheep_mini_moat
D:7:      layout_basic, mainiacjoe_overflow_small_starburst
D:8:      layout_rooms, nicolae_ru_awakened_eye, uniq_pikel, uniq_maggie
D:9:      layout_long_grid, lemuel_tele_altar, nicolae_dithmenos_shadow_blocks,
          uniq_erica
D:10:     layout_cross, amcnicky_altar_gilded, nicolae_uskayaw_suspiria,
          lemuel_coloured_pillars_altar, serial_shops, nicolae_shop_stone,
          uniq_maurice
D:11:     layout_stronghold
D:12:     layout_long_grid, david_orc_5
Temple:   hellmonk_temple_rainy
Lair:1:   layout_chaotic_city
Lair:2:   layout_roguey, palyth_hydra_swamp_entry, basic_altar
Lair:3:   layout_gridlike, guppyfry_snake_entry_island, grunt_megastairs_5
Lair:4:   layout_regular_city, minmay_holes
Lair:5:   minmay_lair_end_frog_pond, layout_misc_corridors,
          minmay_slime_entry_pillars
Swamp:1:  layout_basic_swamp, nicolae_swamp_orc_logging_accident, swamp_pool1,
          uniq_frances
Snake:1:  layout_basic, serial_shops, shop, nicolae_snake_boneroom
Snake:2:  nicolae_sea_snake_s, layout_gridlike, ebering_ghost_xom,
          nicolae_stop_n_shop_1, nicolae_snake_gridmaze_entwining
Snake:3:  layout_onion, basic_altar, uniq_aizul
Orc:1:    layout_caves, serial_shops, shop
Orc:2:    grunt_orc_tribal_feast, layout_caves, serial_shops,
          nicolae_shop_temple_entry_statues_fountains

Skill      XL: |  1  2  3  4  5  6  7  8  9 10 11 12 13 14 15 16 17 |
---------------+----------------------------------------------------+-----
Spellcasting   | 5 6 7 8 9 10 11 12 | 12.4
Invocations    | 1 2 3 4 5 6 7 8 9 10 11 12 | 12.3
Short Blades   | 1 2 3 5 6 7 8 9 10 11 | 11.4
Long Blades    | 1 2 3 5 6 7 8 9 10 11 | 11.4
Axes           | 1 2 3 5 6 7 8 9 10 11 | 11.4
Maces & Flails | 1 2 3 5 6 7 8 9 10 11 | 11.4
Polearms       | 1 2 3 5 6 7 8 9 10 11 | 11.4
Staves         | 1 2 3 5 6 7 8 9 10 11 | 11.4
Ranged Weapons | 1 2 3 5 6 7 8 9 10 11 | 11.4
Throwing       | 1 2 3 5 6 7 8 9 10 11 | 11.4
Armour         | 1 2 3 5 6 7 8 9 10 11 | 11.4
Stealth        | 1 2 3 5 6 7 8 9 10 11 | 11.4
Shields        | 1 2 3 5 6 7 8 9 10 11 | 11.4
Evocations     | 1 2 3 5 6 7 8 9 10 11 | 11.4
Fighting       | 3 4 5 6 7 8 9 10 11 | 11.7
Conjurations   | 1 2 3 4 5 6 7 8 9 |  9.6
Hexes          | 1 2 3 4 5 6 7 8 9 |  9.6
Summonings     | 1 2 3 4 5 6 7 8 9 |  9.6
Necromancy     | 1 2 3 4 5 6 7 8 9 |  9.6
Translocations | 1 2 3 4 5 6 7 8 9 |  9.6
Transmutations | 4 5 6 7 8 9 10 | 10.3
Fire Magic     | 1 2 3 4 5 6 7 8 9 |  9.6
Ice Magic      | 1 2 3 4 5 6 7 8 9 |  9.6
Air Magic      | 1 2 3 4 5 6 7 8 9 |  9.6
Earth Magic    | 1 2 3 4 5 6 7 8 9 |  9.6
Poison Magic   | 1 2 3 4 5 6 7 8 9 |  9.6
Dodging        | 5 6 7 8 9 10 11 12 | 12.2
Unarmed Combat | 7 8 9 10 11 12 13 | 13.0

Action                   |  1- 3 |  4- 6 |  7- 9 | 10-12 | 13-15 | 16-18 || total
-------------------------+-------+-------+-------+-------+-------+-------++-------
Melee: Unarmed           |    71 |   148 |   313 |   323 |   275 |    66 ||  1196
       Kick              |    14 |     3 |       |       |       |       ||    17
       Headbutt          |     4 |     1 |       |       |       |       ||     5
       Bite              |     5 |     1 |       |       |    16 |    15 ||    37
       Punch             |     4 |       |       |       |    12 |       ||    16
       Long sword        |       |       |       |       |    36 |       ||    36
       Morningstar       |       |       |       |       |    25 |    61 ||    86
 Cast: Beastly Appendage |    20 |     5 |       |       |       |       ||    25
       Spider Form       |       |    17 |    48 |     5 |       |       ||    70
       Wereblood         |       |     6 |     7 |     4 |       |       ||    17
       Ice Form          |       |       |     8 |    40 |    27 |     8 ||    83
       Freezing Cloud    |       |       |       |    30 |   149 |    93 ||   272
       Blade Hands       |       |       |       |       |    16 |    17 ||    33
       Borgnjor's Vile C |       |       |       |       |     2 |     5 ||     7
       Summon Ice Beast  |       |       |       |       |     1 |       ||     1
       Manifold Assault  |       |       |       |       |       |     6 ||     6
Invok: Channel Magic     |       |       |       |       |     6 |       ||     6
       Divine Exegesis   |       |       |       |       |     1 |       ||     1
Evoke: Wand              |       |       |     1 |     8 |     4 |       ||    13
       Box of beasts     |       |       |       |       |     1 |     1 ||     2
       Lightning rod     |       |       |       |       |       |     4 ||     4
  Use: Potion            |       |     1 |     1 |     1 |     7 |     3 ||    13
       Scroll            |       |       |    13 |     1 |    19 |    11 ||    44
 Stab: Sleeping          |     4 |     1 |     8 |     4 |     2 |       ||    19
       Distracted        |       |       |       |       |     2 |       ||     2
Armor: Robe              |     6 |     7 |     2 |     3 |    13 |       ||    31
       Skin              |       |    11 |    17 |    39 |    23 |     1 ||    91
       Troll leather arm |       |       |       |       |    26 |    26 ||    52
Dodge: Dodged            |    48 |   263 |   300 |   259 |   284 |   112 ||  1266
Block: Buckler           |       |       |       |       |    31 |    24 ||    55

Table legend: (Time is in decaauts)
 A = Elapsed time spent in this place.
 B = Non-inter-level travel time spent in this place.
 C = Inter-level travel time spent in this place.
 D = Time resting spent in this place.
 E = Time spent auto-exploring this place.
 F = Levels seen in this place.
 G = Mean time per level.
                   A        B        C        D        E       F      G
               +--------+--------+--------+--------+--------+-----+--------+
         Total |  26647 |  25256 |   1391 |   4601 |  15150 |  25 | 1065.9 |
       Dungeon |  11027 |  10294 |    733 |    356 |   7696 |  12 |  918.9 |
        Temple |     32 |     32 |      0 |      0 |      9 |   1 |   32.0 |
          Lair |   8000 |   7572 |    428 |   1450 |   4786 |   5 | 1600.0 |
         Swamp |     11 |     11 |      0 |      0 |      0 |   1 |   11.0 |
     Snake Pit |   5236 |   5122 |    114 |   2207 |   1871 |   3 | 1745.3 |
  Orcish Mines |   1937 |   1822 |    115 |    518 |    760 |   2 |  968.5 |
         Sewer |    401 |    401 |      0 |     70 |     27 |   1 |  401.0 |
               +--------+--------+--------+--------+--------+-----+--------+

Top non-repeatable levels by time:
 Snake:2: 2581 daAuts
  Lair:5: 2076 daAuts
  Lair:2: 1659 daAuts
  Lair:3: 1561 daAuts
 Snake:1: 1502 daAuts
  Lair:4: 1499 daAuts
  Lair:1: 1204 daAuts
   Orc:2: 1193 daAuts
 Snake:3: 1152 daAuts
     D:7: 1124 daAuts
    D:12: 1124 daAuts
     D:5: 1042 daAuts
     D:6: 1031 daAuts
     D:2: 971 daAuts
     D:4: 957 daAuts
